AoeStats
← 739697286

African Clearing

510297322Analyzed
4v4 RM · 3d ago on Sep 30, 2026· 61m 11s· 8 players
Game mode
Random Map
Map size
Large (8 player)
Population
200
Speed
Normal
Resources
Standard
Victory
Conquest
Starting age
Dark Age
Ending age
Imperial Age
RankedLock teamsTeams togetherTeam positionsShared explorationLock speedFull tech treeHidden civsTurbo modeCheats
Victory
Defeat
🇨🇳 Persians · China
1499
+13
🇨🇳 Tatars · China
1413
+16
🇨🇳 Varangians · China
1364
+18
🇨🇳 Magyars · China
1318
+21
1449
-18
🇷🇴 Teutons · Romania
1422
-17
🇨🇳 Mongols · China
1416
-17
🇹🇼 Persians · Taiwan
1398
-16
sjhgdtbr
Duc dam tac thich bus cu
10:22 Loom
12:07 Feudal Age
13:51 Wheelbarrow
13:39 Double-Bit Axe
17:20 Castle Age
19:49 Hand Cart
20:16 Bow Saw
21:04 Horse Collar
24:36 Gold Mining
24:53 Heavy Plow
25:40 Stone Mining
27:16 Town Watch
30:55 Imperial Age
28:47 Scale Barding Armor
29:09 Husbandry
30:01 Bloodlines
30:13 Chain Barding Armor
30:04 Forging
31:27 Stone Shaft Mining
32:35 Crop Rotation
33:06 Two-Man Saw
33:04 Plate Barding Armor
33:33 Iron Casting
33:42 Chatras
33:33 Capped Ram
35:22 Chemistry
34:33 Elite Battle Elephant
37:37 Light Cavalry
40:28 Fletching
40:38 Padded Archer Armor
41:23 Bodkin Arrow
43:02 Bracer
43:17 Leather Archer Armor
43:25 Ballistics
43:13 Man-at-Arms
44:19 Thumb Ring
43:35 Crossbowman
45:20 Ring Archer Armor
45:24 Arbalester
45:36 Heavy Cavalry Archer
46:59 Man-at-Arms
47:51 Elite Skirmisher
49:42 Imperial Skirmisher
56:54 Coinage
56:36 Guilds
60:27 Cavalier
chengaopeng044
4:06 Loom
4:06 Loom
14:56 Feudal Age
19:06 Castle Age
18:06 Double-Bit Axe
21:19 Town Watch
23:04 Bloodlines
24:49 Wheelbarrow
26:40 Bow Saw
27:01 Horse Collar
33:02 Forging
32:45 Stone Mining
39:13 Husbandry
38:58 Elite Skirmisher
41:40 Fletching
42:07 Gold Mining
43:43 Padded Archer Armor
46:49 Heavy Plow
47:53 Scale Barding Armor
48:54 Hand Cart
50:51 Bodkin Arrow
51:12 Leather Archer Armor
52:09 Kamandaran
53:06 Ballistics
54:25 Gold Shaft Mining
56:29 Imperial Age
53:39 Crossbowman
55:13 Thumb Ring
57:12 Conscription
57:35 Masonry
59:06 Chemistry
60:33 Ring Archer Armor
739697286
10:40 Loom
13:01 Feudal Age
17:12 Castle Age
46:59 Fletching
47:41 Padded Archer Armor
47:24 Horse Collar
50:07 Gold Mining
51:39 Wheelbarrow
54:27 Hand Cart
57:06 Gold Shaft Mining
涅槃重生
5:34 Loom
14:06 Feudal Age
18:21 Castle Age
16:23 Double-Bit Axe
16:21 Horse Collar
17:18 Stone Mining
18:06 Gold Mining
20:15 Bow Saw
21:12 Fishing Lines
22:29 Wheelbarrow
27:17 Scale Barding Armor
28:35 Gillnets
30:25 Husbandry
30:38 Gold Mining
31:27 Forging
33:05 Chain Barding Armor
34:26 Iron Casting
39:31 Imperial Age
37:19 Hand Cart
37:39 Town Watch
38:21 Bloodlines
38:46 Scale Mail Armor
40:18 Chain Mail Armor
39:37 Elite Varangian Guard
39:41 Gothikon
40:22 Gambesons
40:37 Squires
40:23 Arson
40:13 Gothikon
43:55 Chain Mail Armor
44:41 Blast Furnace
48:11 Plate Mail Armor
48:24 Conscription
50:34 Capped Ram
53:48 Plate Barding Armor
53:28 Siege Ram
59:14 Town Patrol
59:13 Vendel Legacy
V我50%匡扶汉室
4:07 Loom
13:16 Feudal Age
22:36 Bloodlines
25:00 Scale Barding Armor
26:00 Gold Mining
28:16 Castle Age
28:45 Light Cavalry
29:25 Husbandry
37:51 Corvinian Army
45:00 Horse Collar
45:11 Double-Bit Axe
46:51 Heavy Plow
47:07 Bow Saw
47:42 Stone Mining
50:26 Gold Shaft Mining
53:37 Imperial Age
53:45 Imperial Age
51:53 Wheelbarrow
54:03 Chain Barding Armor
53:48 Elite Magyar Huszar
54:49 Conscription
55:24 Plate Barding Armor
泡锅
old f1sh
5:42 Loom
13:02 Feudal Age
13:35 Double-Bit Axe
18:24 Fletching
18:41 Town Watch
23:24 Forging
27:30 Castle Age
25:41 Horse Collar
25:54 Gold Mining
27:50 Wheelbarrow
28:50 Bow Saw
29:00 Bodkin Arrow
29:36 Heavy Plow
37:49 Ballistics
37:40 Padded Archer Armor
41:25 Leather Archer Armor
44:25 Imperial Age
42:50 Masonry
44:05 Bloodlines
43:56 Husbandry
45:12 Bracer
46:12 Chemistry
45:43 Ring Archer Armor
46:17 Gold Shaft Mining
46:15 Heavy Cavalry Archer
48:58 Crossbowman
49:01 Light Cavalry
50:10 Scale Barding Armor
50:40 Iron Casting
50:19 Elite Keshik
51:21 Chain Barding Armor
50:40 Hussar
52:47 Hand Cart
54:50 Plate Barding Armor
57:49 Siege Engineers
58:06 Conscription
57:57 Timurid Siegecraft
59:20 Onager
59:33 Heavy Scorpion
60:22 Treadmill Crane
60:55 Stone Mining
Connection lost

Rejoining the realm…

Still unreachable

The connection could not be restored.

Session expired

The server has moved on; the page needs a fresh start.